 Dungeon Crawl Stone Soup version 0.29.0-5-ge4962eb29e (webtiles) character file.

Game seed: 4192221873729266672

93 tizbic2 the Grave Robber (level 4, 0/48 HPs)
             Began as a Demonspawn Necromancer on Aug 29, 2022.
             Slain by a water moccasin (5 damage)
             ... in a sewer.
             The game lasted 00:10:55 (2310 turns).

tizbic2 the Grave Robber (Demonspawn Necromancer)   Turns: 2310, Time: 00:10:58

Health: 0/48       AC: 22    Str: 11    XL:     4   Next: 37%
Magic:  6/7        EV:  2    Int: 16    God:
Gold:   120        SH:  0    Dex: 13    Spells: 3/7 levels left

rFire   . . .      SeeInvis .   o - +0 dagger
rCold   . . .      Faith    .   (no shield)
rNeg    . . .      Spirit   .   (body armour currently unavailable)
rPois   +          Reflect  .   (helmet currently unavailable)
rElec   .          Harm     .   (cloak currently unavailable)
rCorr   .          Rampage  .   (gloves currently unavailable)
Will    .....      NoTele   +   (boots currently unavailable)
Stlth   ++........              (no amulet)
HPRegen 0.16/turn               (no ring)
MPRegen 0.10/turn               (no ring)

@: lethally poisoned (0 -> -36), tree-form
A: stationary, stasis, torment immunity, boosted hp, (yellow scales 1), demonic
guardian 1
a: no special abilities


You were in a sewer.
You were a tree.
You visited 1 branch of the dungeon, and saw 3 of its levels.
You also visited: Sewer.

You collected 120 gold pieces.

Inventory:

Hand Weapons
 o - a +0 dagger (weapon)
Missiles
 f - 2 poisoned darts
 l - 6 javelins
 n - 5 atropa-tipped darts
Armour
 e - a +0 ring mail (melded)
 g - a +0 scale mail
 k - a +0 plate armour
Scrolls
 d - a scroll of noise {unknown}
 i - a scroll of teleportation
 m - a scroll of summoning {unknown}
 p - a scroll of enchant weapon {unknown}
Potions
 a - a potion of heal wounds
 b - 2 potions of magic
 c - a potion of lignification
 h - 2 potions of haste {unknown}
 j - a potion of curing {unknown}


   Skills:
 + Level 1.2 Fighting
 + Level 1.1 Short Blades
 * Level 1.6 Armour
 - Level 1.7 Dodging
 - Level 1.7 Stealth
 + Level 2.3 Spellcasting
 * Level 5.1 Necromancy


You had 3 spell levels left.
You knew the following spells:

 Your Spells              Type           Power      Damage    Failure   Level
a - Necrotise             Necr           72%        1d7       2%          1
b - Vampiric Draining     Necr           18%        2d7       7%          3

Your spell library contained the following spells:

 Spells                   Type           Power      Damage    Failure   Level
 Animate Dead             Necr           18%        N/A       24%         4
 Agony                    Necr           18%        N/A       54%         5


Dungeon Overview and Level Annotations

Branches:
Dungeon (3/15)              Sewer (1/1)

Altars:
Nemelex Xobeh

Shops:
D:2 *=(?:


Innate Abilities, Weirdness & Mutations

You are a tree.
Your roots penetrate the ground, keeping you stationary.
You cannot be teleported.
You are immune to unholy pain and torment.
Your maximum health is greatly increased.
Your equipment is partially melded.
((You are partially covered in yellow scales. (AC +2)))
A weak demonic guardian rushes to your aid.


Message History

Aiming: Necrotise (safe; 5% risk of failure)
Press: ? - help, Shift-Dir - straight line, f/p - water moccasin
Aim: a water moccasin (chance to affect: 76%)
The water moccasin writhes in agony.
The water moccasin completely misses you.
The water moccasin bites you.
You miss the water moccasin.
The water moccasin bites you but does no damage.
You closely miss the water moccasin. The water moccasin bites you!
You are poisoned.
The water moccasin poisons you!
You enter the shallow water.
Moving in this stuff is going to be slow.
You feel very sick. The water moccasin barely misses you.
You feel sick. The water moccasin bites you.
You are lethally poisoned!
The water moccasin poisons you!
As you read the scroll labelled JYALIXO NUKLI, it crumbles to dust.
You feel strangely unstable.
It was a scroll of teleportation.
* * * LOW HITPOINT WARNING * * *
You feel very sick. The water moccasin bites you.
* * * LOW HITPOINT WARNING * * *
A demonic guardian appears!
You are more poisoned.
The water moccasin poisons you!
It was a potion of heal wounds.
You feel much better.
You feel extremely sick. The water moccasin bites you.
The water moccasin bites you!
You are more poisoned.
The water moccasin poisons you!
Your white imp barely misses the water moccasin.
It was a potion of lignification.
You turn into a tree.
Your +0 ring mail melds into your body.
Your roots penetrate the ground.
You feel strangely stable.
* * * LOW HITPOINT WARNING * * *
You feel extremely sick. The water moccasin bites you.
You die...

### #~# ########
#~######
###....~.###
##~##...#
###....~..5..###
#.~.#.∩.#
#.....####S♣.~.###
#.~...∩.# #.~~~~###
###~~...###.~.....#
#..~~..##
##~..~..†.~######
###~...
#...~.###.~.....#
).##~. #..~~.###
#.~.....# #)) ###
~~~...### #.~.....#
## .....##
##~#....# #####
#~##...# #~# ...#


You could see a water moccasin (ally target) and a friendly white imp
(summoned).

Vanquished Creatures
  3 gnolls (D:2)
  2 adders (D:2)
  A dart slug (D:1)
  2 ball pythons
  An endoplasm (D:1)
  6 giant cockroaches
  3 hobgoblins
  2 jackals (Sewer)
  5 quokkas (D:3)
  4 bats
  A frilled lizard (D:1)
  2 goblins
  A kobold (D:2)
  2 rats (D:1)
35 creatures vanquished.

Vanquished Creatures (collateral kills)
  A giant cockroach (D:2)
  A hobgoblin (D:2)
  A jackal (Sewer)
  2 kobolds
  2 ball pythons
7 creatures vanquished.

Grand Total: 42 creatures vanquished

Notes
Turn   | Place    | Note
-------+----------+-------------------------------------------
     0 | D:1      | tizbic2 the Demonspawn Necromancer began the quest for the
                  | Orb.
     0 | D:1      | Reached XP level 1. HP: 13/13 MP: 3/3
   351 | D:1      | Gained mutation: A weak demonic guardian rushes to your
                  | aid. [demonic ancestry]
   351 | D:1      | Reached XP level 2. HP: 19/19 MP: 0/5
   557 | D:1      | Found a faded altar of an unknown god.
   823 | D:2      | Found Afydiociez's Weapon Shop.
   832 | D:2      | Reached skill level 1 in Armour
   847 | D:2      | Reached XP level 3. HP: 25/25 MP: 1/6
   928 | D:2      | Found Miorose's Assorted Antiques.
   947 | D:2      | Found Toiplowni's Jewellery Shop.
   970 | D:2      | Found Cappi's Magic Scroll Shoppe.
  1163 | D:2      | Reached skill level 1 in Fighting
  1575 | D:2      | Reached skill level 5 in Necromancy
  1591 | D:2      | Reached skill level 1 in Short Blades
  1591 | D:2      | Gained mutation: You are partially covered in yellow
                  | scales. (AC +2) [demonic ancestry]
  1591 | D:2      | Reached XP level 4. HP: 20/32 MP: 2/7
  1802 | D:2      | Learned a level 3 spell: Vampiric Draining
  1802 | D:2      | Found a sparkling altar of Nemelex Xobeh.
  1867 | D:2      | Found Leuzosem's Book Shoppe.
  2185 | D:3      | Found a glowing drain.
  2261 | Sewer    | Entered a sewer
  2293 | Sewer    | Noticed a water moccasin
  2310 | Sewer    | Slain by a water moccasin

Illustrated notes

Levels and vault maps discovered:
D:1:      amcnicky_arrival_underground_garden, layout_loops_ring,
          dreamdust_ecumenical_altar_hidden_monk_grotto
D:2:      layout_basic, serial_shops, nicolae_shop_waterfront,
          nicolae_shop_statue_plus, nicolae_diamond_shop, shop, shop_fountains,
          basic_altar
D:3:      layout_loops_ring, nicolae_elyvilon_peaceful_grove,
          grunt_dithmenos_smoke_and_mirrors, gammafunk_temple_overflow_claw,
          gup_sewer_entry_pipe, minmay_curled_crystal, grunt_ministairs_14
Sewer:    sewer_the_moccasin

Skill      XL: |  1  2  3 |
---------------+----------+-----
Armour         | 1 |  1.6
Fighting       | 1 |  1.2
Necromancy     | 5 |  5.1
Short Blades   | 1 |  1.1
Dodging        | |  1.7
Stealth        | |  1.7
Spellcasting   | |  2.3

Action                   |  1- 3 |  4- 6 || total
-------------------------+-------+-------++-------
Melee: Short sword       |    50 |       ||    50
       Spear             |     5 |       ||     5
       Punch             |     1 |       ||     1
       Dagger            |       |    45 ||    45
 Cast: Necrotise         |    24 |    15 ||    39
  Use: Potion            |       |     2 ||     2
       Scroll            |       |     1 ||     1
Armor: Ring mail         |    22 |    32 ||    54
Dodge: Dodged            |    50 |    36 ||    86
